 Dungeon Crawl Stone Soup version 0.23-a0-61-g4bf3f6c (webtiles) character file.

555 Amnesiac the Conjurer (level 7, -1/50 HPs)
             Began as a Mummy Conjurer on Aug 9, 2018.
             Was a Follower of Sif Muna.
             Killed from afar by an orc wizard (8 damage)
             ... with a magic dart
             ... on level 4 of the Dungeon.
             The game lasted 00:10:59 (3755 turns).

Amnesiac the Conjurer (Mummy Conjurer)              Turns: 3755, Time: 00:10:59

Health: -1/50      AC:  3    Str: 11    XL:     7   Next: 8%
Magic:  0/14       EV: 16    Int: 17    God:    Sif Muna [*.....]
Gold:   168        SH:  0    Dex: 12    Spells: 9/16 levels left

rFire    x . .     SeeInvis .   q - +0 scimitar
rCold    + . .     Gourm    .   (no shield)
rNeg     + + +     Faith    .   g - +0 robe
rPois    ∞         Spirit   .   s - +0 helmet
rElec    .         Reflect  .   (no cloak)
rCorr    .         Harm     .   (no gloves)
MR       .....                  (no boots)
Stlth    ++........             (no amulet)
HPRegen  0.16/turn              l - +3 ring of evasion
MPRegen  0.14/turn              o - ring of flight

@: no casting
A: no food or potions, fire vulnerability, cold resistance 1, negative energy
resistance 3, torment resistance, unbreathing
a: Stop Divine Energy, Renounce Religion, Evoke Flight


You were on level 4 of the Dungeon.
You worshipped Sif Muna.
Sif Muna was aware of your devotion.
You were not hungry.

You visited 2 branches of the dungeon, and saw 5 of its levels.

You collected 168 gold pieces.

Inventory:

Hand Weapons
 a - a +1 dagger of protection
 b - a +0 hunting sling
 q - a +0 scimitar (weapon)
Missiles
 e - 123 stones (quivered)
 k - 42 sling bullets
Armour
 f - a +0 leather armour
 g - a +0 robe (worn)
 i - a +0 buckler
 m - a +0 shield
 s - a +0 helmet (worn)
Jewellery
 c - an uncursed ring of ice
 d - an uncursed ring of ice
 l - a +3 ring of evasion (left hand)
 n - a +5 ring of dexterity
 o - a ring of flight (right hand)
Scrolls
 h - a scroll of amnesia {!r}
 j - a scroll of teleportation {!r}
 p - 2 scrolls of identify {!r}
 r - a scroll of magic mapping {!r, unknown}


   Skills:
 - Level 2.1 Fighting
 - Level 2.6 Dodging
 - Level 1.5 Stealth
 + Level 0.9 Shields
 + Level 5.3 Spellcasting
 * Level 5.3 Conjurations


You had 9 spell levels left.
You knew the following spells:

 Your Spells              Type           Power        Failure   Level  Hunger
a - Iskenderun's Mystic   Conj           ###.....     16%         4    N/A
b - Magic Dart            Conj           ###.         1%          1    N/A
d - Searing Ray           Conj           ###...       2%          2    N/A

Your spell library contained the following spells:

 Spells                   Type           Power        Failure   Level  Hunger
 Fulminant Prism          Conj/Hex       ##........   41%         4    N/A
 Dazzling Spray           Conj/Hex       ##....       14%         3    N/A
 Force Lance              Conj/Tloc      ##......     41%         4    N/A

Dungeon Overview and Level Annotations

Branches:
Dungeon (4/15)             Temple (1/1) D:4

Altars:
Ashenzari
Cheibriados
Dithmenos
Elyvilon
Hepliaklqana
Okawaru
Ru
Sif Muna
Trog
Uskayaw
Wu Jian
Yredelemnul
Zin
The Shining One

Shops:
D:4 (


Innate Abilities, Weirdness & Mutations

You do not eat or drink.
Your flesh is vulnerable to fire.
You are immune to poison.
Your flesh is cold resistant. (rC+)
You are immune to negative energy. (rN+++)
You are immune to unholy pain and torment.
You can survive without breathing.


Message History

There is an escape hatch in the floor here.
You are unable to access your magic!
You regain access to your magic.
Casting: Iskenderun's Mystic Blast (slightly dangerous; 16% risk of failure)
Confirm with . or Enter, or press ? or * to list all spells.
Aiming: Iskenderun's Mystic Blast (slightly dangerous; 16% risk of failure)
Press: ? - help, Shift-Dir - straight line, f/p - orc
Aim: an orc, wearing a leather armour The orb of energy hits the orc.
You kill the orc!
Sif Muna accepts your kill.
The orb of energy explodes!
Sif Muna grants you divine energy.
You briefly lose access to your magic!
You are unable to access your magic!
You are unable to access your magic!
The orc wizard is too close now for your liking.
An orc wizard is nearby!
An orc wizard is nearby!
An orc wizard is nearby!
You regain access to your magic.
You start resting.
The orc wizard is too close now for your liking.
Casting: Iskenderun's Mystic Blast (slightly dangerous; 16% risk of failure)
Confirm with . or Enter, or press ? or * to list all spells.
Aiming: Iskenderun's Mystic Blast (slightly dangerous; 16% risk of failure)
Press: ? - help, Shift-Dir - straight line, f - orc wizard
Aim: an orc wizard, wielding a dagger of venom and wearing a robe (hasn't noticed you)
The orb of energy hits the orc wizard.
The orc wizard is moderately wounded.
The orc wizard shouts!
The orb of energy explodes!
Sif Muna grants you divine energy.
You briefly lose access to your magic!
The orc wizard hits you with a dagger of venom.
* * * LOW HITPOINT WARNING * * *
Unknown command.
You slash the orc wizard!
The orc wizard is almost dead.
The orc wizard begins to cast a cantrip, but forgets the words!
You barely miss the orc wizard.
The orc wizard is almost dead.
The orc wizard casts a spell at you. The puff of frost misses you.
Unknown command.
You closely miss the orc wizard.
The orc wizard is almost dead.
You regain access to your magic.
The orc wizard closely misses you.
The orc wizard hits you with a dagger of venom.
* * * LOW HITPOINT WARNING * * *
Unknown command.
Casting: Iskenderun's Mystic Blast (slightly dangerous; 16% risk of failure)
Confirm with . or Enter, or press ? or * to list all spells.
Aiming: Iskenderun's Mystic Blast (slightly dangerous; 16% risk of failure)
Press: ? - help, Shift-Dir - straight line, f/p - orc wizard
Aim: an orc wizard, wielding a dagger of venom and wearing a robe (almost dead)
The orb of energy hits the orc wizard.
The orc wizard is almost dead.
Sif Muna grants you divine energy.
You briefly lose access to your magic!
The orc wizard points at you and mumbles some strange words.
The magic dart hits you!
You die...

##....# #.#.# #....# #.#.#
#....# #.#.# ##### ##.#.#
#.#.#####...# #.#.#
##.#.......#.#
#######.#.#####...#####.).)#
#.....#.#.##...........#.∩.#
#.###.#.#.##.##...#####....#
..# #.#.#.##.###@## #..#.#
..###.).#.##.###o# #....#
..........o.[>...######..###
#.####.#####.#####.......#
#.# #.# #.# #.#####.# #.#
#.# #.# #.# #.#
..####.#####.# #.# #.#
.).........).# ##.## #.#
######.#####.####...####.#


You could see an orc wizard.

Vanquished Creatures
  An ogre (D:2)
  Blork the orc (D:4)
  2 orc priests
  An orc wizard (D:4)
  An iguana (D:4)
  3 worker ants
  Robin (D:4)
  5 adders
  3 oozes
  2 adder skeletons (D:4)
  A worm (D:2)
  3 dart slugs
  5 leopard geckos
  15 orcs
  6 giant cockroaches
  16 goblins
  12 hobgoblins
  14 jackals
  6 quokkas
  8 bats
  3 frilled lizards
  3 kobolds
  3 rats
115 creatures vanquished.

Notes
Turn   | Place    | Note
-------+----------+-------------------------------------------
     0 | D:1      | Amnesiac the Mummy Conjurer began the quest for the Orb.
     0 | D:1      | Reached XP level 1. HP: 13/13 MP: 4/4
   266 | D:2      | Reached XP level 2. HP: 7/20 MP: 0/6
   272 | D:2      | Learned a level 2 spell: Searing Ray
   495 | D:3      | Reached skill level 1 in Fighting
   701 | D:4      | Reached XP level 3. HP: 20/26 MP: 4/7
   730 | D:4      | Found a staircase to the Ecumenical Temple.
   746 | Temple   | Entered the Ecumenical Temple
   918 | Temple   | Became a worshipper of Sif Muna the Loreminder
  1564 | D:2      | Reached XP level 4. HP: 32/32 MP: 0/9
  1793 | D:2      | Noticed an ogre
  1806 | D:2      | Killed an ogre
  1806 | D:2      | Reached XP level 5. HP: 37/37 MP: 3/11
  2082 | D:2      | Found a bloodstained altar of Trog.
  2381 | D:3      | Found a hazy altar of Hepliaklqana.
  2771 | D:3      | Reached XP level 6. HP: 27/44 MP: 4/12
  2778 | D:3      | Learned a level 4 spell: Iskenderun's Mystic Blast
  2850 | D:3      | Found a glowing golden altar of the Shining One.
  3101 | D:4      | Noticed Blork the orc
  3115 | D:4      | Killed Blork the orc
  3274 | D:4      | Reached skill level 5 in Conjurations
  3310 | D:4      | Reached * piety under Sif Muna
  3318 | D:4      | Reached skill level 5 in Spellcasting
  3401 | D:4      | Noticed Robin
  3478 | D:4      | Killed Robin
  3560 | D:4      | Found Beennor's Antique Weapon Shop.
  3585 | D:4      | Reached XP level 7. HP: 38/50 MP: 0/14
  3755 | D:4      | Killed from afar by an orc wizard

Vault maps used:
D:1:      erik_arrival_cave_to_civilisation, solitary_fountain, st_stairs_12
D:2:      nicolae_overflow_crystal_walls
D:3:      old_standard_altar, nicolae_overflow_hidden_temple, first_ration,
          minmay_divided_ellipse
D:4:      old_standard_altar, minmay_temple_entry_statues_fountains,
          serial_shops, nicolae_shop_stone, uniq_robin, uniq_crazy_yiuf_cottage,
          uniq_blork_the_orc
Temple:   bh_familiar_temple

Skill      XL: |  1  2  3  4  5  6 |
---------------+-------------------+-----
Spellcasting   | 3 4 5 |  5.3
Dodging        | 2 |  2.6
Fighting       | 1 2 |  2.1
Conjurations   | 4 5 |  5.3
Stealth        | |  1.5
Shields        | |  0.9

Action                   |  1- 3 |  4- 6 |  7- 9 || total
-------------------------+-------+-------+-------++-------
Melee: Unarmed           |     4 |       |       ||     4
       Dagger            |    45 |     3 |       ||    48
       Scimitar          |       |    11 |    11 ||    22
 Fire: Hunting sling     |       |    80 |       ||    80
 Cast: Magic Dart        |    67 |    18 |       ||    85
       Searing Ray       |     5 |    19 |       ||    24
       Iskenderun's Myst |       |    23 |    13 ||    36
Invok: Divine Energy     |       |     1 |       ||     1
  Use: Scroll            |     4 |     1 |       ||     5
 Stab: Sleeping          |     1 |       |       ||     1
Armor: Robe              |    30 |    12 |       ||    42
Dodge: Dodged            |    63 |    94 |     8 ||   165
       Rpst.: Scimitar   |       |     1 |     4 ||     5

Table legend:
 A = Non-vault XP
 B = Vault XP
 C = Vault XP percentage of total XP
 D = Non-vault monster count
 E = Vault monster count
 F = Vault count percentage of total count
 G = Total turns spent on level
                 A         B        C        D         E       F
            +---------+---------+-------+---------+---------+-------
      Total |     606 |     187 |  23.6 |      87 |      28 |  24.3
            +---------+---------+-------+---------+---------+-------
        D:1 |      40 |       2 |   4.8 |      20 |       1 |   4.8
        D:2 |     227 |       0 |   0.0 |      27 |       0 |   0.0
        D:3 |      81 |      52 |  39.1 |      16 |      13 |  44.8
        D:4 |     258 |     133 |  34.0 |      24 |      14 |  36.8
            +---------+---------+-------+---------+---------+-------
